 Dungeon Crawl Stone Soup version 0.17.0-28-g6e173f8 (webtiles) character file.

128 PossumBlood the Magician (level 4, -1/27 HPs)
             Began as a High Elf Wizard on Nov 23, 2015.
             Slain by a quokka (4 damage)
             ... on level 3 of the Dungeon.
             The game lasted 00:21:41 (3642 turns).

PossumBlood the Magician (High Elf Wizard)          Turns: 3642, Time: 00:21:42

Health: -1/27      AC:  4    Str:  2 (6)  XL:     4   Next: 86%
Magic:  11/12      EV: 13    Int: 22      God:
Gold:   55         SH:  0    Dex: 14      Spells: 1 memorised, 12 levels left

rFire  . . .     SeeInvis .     f - +4 dagger (distort)
rCold  . . .     Clarity  .     a - +0 robe
rNeg   . . .     SustAt   .     (no shield)
rPois  .         Gourm    .     b - +0 hat
rElec  .         Spirit   .     h - +0 cloak
rCorr  .         Warding  .     (no gloves)
rMut   .         Stasis   .     g - +0 pair of boots
MR     .....                    (no amulet)
Stlth  ++........               (no ring)
                                (no ring)

@: not resistant to hostile enchantments, unstealthy
A: no striking features
a: no special abilities


You were on level 3 of the Dungeon.
You were near starving.

You visited 1 branch of the dungeon, and saw 3 of its levels.

You collected 55 gold pieces.

Inventory:

Hand Weapons
 e - a +0 club
 f - a +4 dagger of distortion (weapon)
 i - a +0 falchion
 n - a +0 blowgun
Missiles
 d - 4 needles of paralysis
 k - 6 javelins (quivered)
 o - 6 poisoned needles
Armour
 a - a +0 robe (worn)
 b - a +0 hat (worn)
 g - a +0 pair of boots (worn)
 h - a +0 cloak (worn)
 q - a +0 ring mail
Wands
 j - a wand of random effects (40)
Potions
 m - a potion of flight {unknown}
Books
 c - a book of Minor Magic

   Spells                             Type                      Level
   a - Magic Dart                     Conjuration                  1
   b - Blink                          Translocation                2
   c - Call Imp                       Summoning                    2
   d - Repel Missiles                 Charms/Air                   2
   e - Slow                           Hexes                        2
   f - Conjure Flame                  Conjuration/Fire             3
   g - Mephitic Cloud                 Conjuration/Poison/Air       3
Comestibles
 l - 2 fruits


   Skills:
 + Level 0.4 Fighting
 + Level 3.0 Dodging
 + Level 2.8 Stealth
 + Level 5.1 Spellcasting
 + Level 2.4 Conjurations
   Level 0.8 Summonings
   Level 1.1 Translocations


You had 12 spell levels left.
You knew the following spells:

 Your Spells              Type           Power        Failure   Level  Hunger
a - Magic Dart            Conj           ###.         4%          1    None


Dungeon Overview and Level Annotations

Branches:
Dungeon (3/15)

Altars:
Ashenzari
Vehumet


Message History

The quokka bites you. x2
That choko was very bland.
Casting: Magic Dart
Confirm with . or Enter, or press ? or * to list all spells.
Aiming: Magic Dart
Press: ? - help, Shift-Dir - straight line, f/p - hungry ghost
Aim: a hungry ghost The magic dart hits the quokka.
The quokka is heavily wounded.
The kobold misses you. The quokka bites you.
* * * LOW HITPOINT WARNING * * *
The kobold hits you but does no damage. The quokka closely misses you.
The quokka bites you.
* * * LOW HITPOINT WARNING * * *
The quokka bites you but does no damage.
The hungry ghost barely misses you. The kobold hits you with a whip.
* * * LOW HITPOINT WARNING * * *
The quokka bites you.
You die...

#.....#########
#..........†..#
#..####.####..#
#..##.....##..#
#..#.......#..#
#..#.......#..#
#......_......#
#########..#.......#..#
.(.......@.#.......#..#
##########.r..##.....##..#
#..........KW.####.####..#
#........................# ##
#..........##.........#..#
..................#.........##
######.........####.........#
######.........##.....>.....#
.......................######


You could see a hungry ghost, a quokka and a kobold.

Vanquished Creatures
  3 adders
  A gnoll (D:3)
  5 oozes
  3 giant geckos (D:2)
  2 orcs (D:3)
  9 bats
  2 giant cockroaches (D:2)
  7 goblins
  4 hobgoblins
  5 jackals (D:3)
  11 kobolds
  2 quokkas (D:2)
  3 ball pythons
  5 giant newts
  5 rats
67 creatures vanquished.

Vanquished Creatures (others)
  A worm (D:2)
  A jackal (D:3)
  A bush (D:2)
  A plant (D:3)
4 creatures vanquished.

Grand Total: 71 creatures vanquished

Notes
Turn   | Place    | Note
--------------------------------------------------------------
     0 | D:1      | PossumBlood the High Elf Wizard began the quest for the Orb.
     0 | D:1      | Reached XP level 1. HP: 11/11 MP: 6/6
   351 | D:1      | Reached XP level 2. HP: 17/17 MP: 4/7
   417 | D:1      | Reached skill level 4 in Spellcasting
  1165 | D:1      | Reached XP level 3. HP: 21/21 MP: 4/9
  1351 | D:2      | Found a shattered altar of Ashenzari.
  2061 | D:2      | Reached XP level 4. HP: 23/27 MP: 2/11
  2838 | D:3      | Reached skill level 5 in Spellcasting
  2850 | D:3      | Found a radiant altar of Vehumet.
  3549 | D:3      | Noticed a hungry ghost
  3642 | D:3      | Slain by a quokka

Action                   |  1- 3 |  4- 6 || total
-------------------------+-------+-------++-------
Melee: Dagger            |     3 |    22 ||    25
 Cast: Magic Dart        |    94 |    67 ||   161
  Use: Scroll            |     3 |     2 ||     5
       Potion            |     2 |       ||     2
  Eat: Bread ration      |     1 |       ||     1
       Royal jelly       |       |     1 ||     1
       Fruit             |       |     1 ||     1
       Chunk             |       |     1 ||     1
